 Dungeon Crawl Stone Soup version 0.29-a0-477-g62b78b4225 (webtiles) character file.

Game seed: 859839413662016130

11629 Dreanil the Cleaver (level 11, -2/105 HPs)
             Began as a Troll Warper on May 25, 2022.
             Was a High Priest of Okawaru.
             Killed by divine providence
             ... invoked by an orc high priest
              (10 damage)
             ... on level 1 of the Orcish Mines.
             The game lasted 01:40:37 (7707 turns).

Dreanil the Cleaver (Troll Warper)                  Turns: 7707, Time: 01:40:38

Health: -2/105     AC: 21    Str: 21    XL:     11   Next: 51%
Magic:  4/4        EV:  7    Int: 11    God:    Okawaru [*****.]
Gold:   1315       SH: 10    Dex: 11    Spells: 13/13 levels left

rFire   . . .      SeeInvis .   B - +10 war axe of Untruth {antimagic, Drain rPois rN+}
rCold   + . .      Faith    .   I - +2 kite shield {rF+}
rNeg    + + .      Spirit   .   t - +0 pearl dragon scales
rPois   +          Reflect  .   D - +2 hat
rElec   .          Harm     .   (no cloak)
rCorr   .          Rampage  .   (gloves unavailable)
Will    .....                   (boots unavailable)
Stlth   ..........              (no amulet)
HPRegen 1.07/turn               v - ring of ice
MPRegen 0.09/turn               W - +4 ring of protection

@: no status effects
A: large, unfitting armour, claws 3, regeneration 1, shaggy fur 1, tough skin 1
a: Renounce Religion, Heroism, Finesse, Duel


You were on level 1 of the Orcish Mines.
You worshipped Okawaru.
Okawaru was extremely pleased with you.
You visited 3 branches of the dungeon, and saw 11 of its levels.

You collected 1532 gold pieces.
You spent 217 gold pieces at shops.

Inventory:

Hand Weapons
 a - the +8 war axe of Roruale {flame, Str+3 SInv}
   (Okawaru gifted it to you on level 9 of the Dungeon)

   It burns those it strikes, dealing additional fire damage.
   Big, fiery blades are also staple armaments of hydra-hunters.
   Str:       It affects your strength (+3).
   SInv:      It lets you see invisible.
 o - a +4 vorpal flail
 w - the +7 Throatcutter {drain, coup de grace}
   (You found it on level 5 of the Dungeon)

   A truly terrible weapon, it drains the life of any living foe it strikes.
   It may instantly kill foes which have little health.
 B - the +10 war axe of Untruth (weapon) {antimagic, Drain rPois rN+}
   (You found it on level 6 of the Dungeon)

   It reduces the magical energy of the wielder, and disrupts the spells and
   magical abilities of those it strikes.
   Natural abilities and divine invocations are not affected.
   rPois:     It protects you from poison.
   rN:        It protects you from negative energy.
   Drain:     It drains your maximum health when unequipped.
 C - a +3 mace
 F - a +0 halberd
 H - a +5 battleaxe
 K - a +2 scimitar of freezing
 R - a +2 dagger of speed
 S - a +0 glaive of freezing
 X - the +2 broad axe of Midwinter {freeze, rCorr Stlth+}
   (You found it on level 4 of the Dungeon)

   It freezes those it strikes, dealing additional cold damage.
   It can also slow down cold-blooded creatures.
   rCorr:     It protects you from acid and corrosion.
   Stlth:     It makes you more stealthy.
Missiles
 c - 4 boomerangs of dispersal (quivered)
 f - 358 stones
 j - 63 poisoned darts
 x - 6 atropa-tipped darts
 y - 4 boomerangs
 M - 7 curare-tipped darts
Armour
 b - +0 steam dragon scales
 e - a +0 pair of boots
 i - a +0 pair of gloves
 k - a +0 leather armour
 l - a +0 scale mail
 n - a +0 leather armour
 p - a +0 robe
 t - +0 pearl dragon scales (worn)
 z - a +1 robe of positive energy
 A - a +0 ring mail
 D - a +2 hat (worn)
 E - +0 acid dragon scales
 I - a +2 kite shield of fire resistance (worn)
 O - a +0 robe
 Y - a +1 robe of the Archmagi
Magical Staves
 d - a staff of fire
 q - a staff of poison
Jewellery
 v - a ring of ice (left claw)
 J - a ring of fire
 Q - a ring of magical power
 W - a +4 ring of protection (right claw)
Wands
 h - a wand of mindburst (18)
 m - a wand of flame (17)
Scrolls
 g - 2 scrolls of vulnerability
 r - 2 scrolls of identify
 V - a scroll of teleportation
Potions
 u - a potion of ambrosia
 L - 2 potions of brilliance
 N - a potion of degeneration
 P - a potion of lignification


   Skills:
 + Level 6.1 Fighting
 + Level 0.2(2.0) Short Blades
 + Level 3.3(3.4) Long Blades
 + Level 9.3(9.4) Axes
 + Level 0.6(5.8) Polearms
 + Level 2.2 Throwing
 + Level 6.9 Armour
 + Level 4.9 Dodging
 + Level 0.6 Stealth
 + Level 3.6 Shields
 + Level 4.6 Unarmed Combat
 + Level 1.5 Spellcasting
 + Level 2.4 Translocations


You had 13 spell levels left.
You didn't know any spells.
Your spell library contained the following spells:

 Spells                   Type           Power      Damage    Failure   Level
 Blink                    Tloc           12%        N/A       77%         2
 Magic Dart               Conj           0%         1d3       91%         1
 Necrotize                Necr           0%         1d4       91%         1
 Gell's Gravitas          Tloc           6%         N/A       94%         3
 Lesser Beckoning         Tloc           6%         N/A       94%         3
 Teleport Other           Tloc           6%         N/A       94%         3
 Searing Ray              Conj           0%         2d4       97%         2
 Conjure Flame            Conj/Fire      0%         6-21      100%        3
 Ignite Poison            Fire/Tmut/Pois 0%         N/A       100%        3
 Inner Flame              Hex/Fire       0%         N/A       100%        3
 Vampiric Draining        Necr           0%         2d6       100%        3
 Cause Fear               Hex            0%         N/A       100%        4
 Fulminant Prism          Conj/Hex       0%         3d6       100%        4
 Passage of Golubria      Tloc           6%         N/A       100%        4
 Sticky Flame             Conj/Fire      0%         2d3       100%        4
 Agony                    Necr           0%         N/A       100%        5
 Manifold Assault         Tloc           6%         N/A       100%        5
 Yara's Violent Unravell  Hex/Tmut       0%         3d3       100%        5
 Discord                  Hex            0%         N/A       100%        8
 Tukima's Dance           Hex            Unusable   N/A       N/A         3

Dungeon Overview and Level Annotations

Branches:
Dungeon (9/15)             Temple (1/1) D:7             Orc (1/2) D:9
   Lair: D:8-11

Altars:
Ashenzari
Cheibriados
Dithmenos
Elyvilon
Fedhas
Gozag
Hepliaklqana
Kikubaaqudgha
Makhleb
Okawaru
Qazlal
Ru
Sif Muna
Trog
Uskayaw
Vehumet
Wu Jian
Xom
Yredelemnul
Zin
The Shining One
Beogh

Shops:
D:7 [

Annotations:
D:2 Sigmund
D:4 Opifex's ghost, amateur TrFi


Innate Abilities, Weirdness & Mutations

You are too large for most types of armour.
You have claws for hands.
Your natural rate of healing is unusually fast.
You are covered in fur. (AC +1)
You have tough skin. (AC +1)


Message History

Okawaru accepts your kill.
The orc warrior hits you but does no damage.
The orc high priest hits you from afar with a +3 trident.
The orc warrior hits you but does no damage.
The orc high priest hits you but does no damage.
You see here a +0 club.
You hit the orc high priest.
The orc high priest is lightly wounded.
You closely miss the chaos spawn. You hit the orc priest.
You slash the orc warrior!
The orc warrior hits you with a +0 halberd!
The orc priest hits you with a +0 flail.
The orc high priest utters an invocation to Beogh.
You block the chaos spawn's attack.
You slice the orc high priest!!
The orc high priest is moderately wounded.
You slash the chaos spawn! You slash the orc priest! You slash the orc warrior!
You block the orc high priest's attack.
The orc warrior hits you but does no damage.
The orc priest mumbles some strange prayers to Beogh against you.
Beogh smites you!
* * * LOW HITPOINT WARNING * * *
The chaos spawn gores you.
* * * LOW HITPOINT WARNING * * *
The smoke demon gestures at you. Beogh smites you!
* * * LOW HITPOINT WARNING * * *
The orc warrior hits you but does no damage.
The orc priest miscasts a cantrip.
You block the orc high priest's attack.
The orc warrior attacks as you move away!
The orc warrior hits you but does no damage.
The orc high priest attacks as you move away!
The orc high priest hits you but does no damage.
You block the orc high priest's attack.
The orc warrior hits you from afar with a +0 halberd.
* * * LOW HITPOINT WARNING * * *
The orc high priest invokes the aid of Beogh against you.
Beogh smites you!
You die...

### #...# ##..# ##..##
#.#. #....###
....####.....## ##
.......†.....##.##
.......##...#...# .
.#.....###.....#...
####...###.@........
.#.#...^.####.4...##..#
....>.......#..#...# ##
#...o.##.).oo)###.##
##.... ##..3o.# ## ....
#....## ... ##..## .#
####


You could see an orc high priest, a smoke demon (summoned), a chaos spawn
(summoned) and an orc warrior.

Vanquished Creatures
  4 two-headed ogres
  The ghost of Heedrag the Cleaver, a novice MiFi (D:8)
  Pikel (D:6)
  Maggie (D:6)
  A troll (D:9)
  Grinder (D:6)
  A wyvern (D:8)
  11 yaks
  A steam dragon (D:6)
  Menkaure (D:4)
  Edmund (D:6)
  4 wargs (Orc:1)
  An acid dragon (D:8)
  2 water moccasins
  11 orc warriors
  3 sky beasts
  A black bear (D:7)
  4 ogres
  A centaur (D:7)
  A lemure (D:6)
  A phantom (D:7)
  Blork the orc (D:4)
  10 kobold brigands
  A gnoll sergeant (D:9)
  2 bullfrogs (D:8)
  2 scorpions
  A water moccasin zombie (D:5)
  7 wights
  12 killer bees
  A howler monkey (D:7)
  A bullfrog zombie (D:5)
  A hound (D:2)
  3 jellies
  2 gnoll shamans (D:7)
  4 orc priests
  2 iguanas (D:6)
  Jessica (D:2)
  5 orc wizards
  Robin (D:4)
  18 gnolls
  3 adders
  A white imp (D:6)
  An ufetubus (D:7)
  2 worms (D:5)
  3 dart slugs
  16 orcs
  3 ball pythons
  5 endoplasms
  4 giant cockroaches
  13 goblins
  13 hobgoblins
  14 kobolds
  3 quokkas
  5 bats
  6 frilled lizards
  7 rats
227 creatures vanquished.

Notes
Turn   | Place    | Note
-------+----------+-------------------------------------------
     0 | D:1      | Dreanil the Troll Warper began the quest for the Orb.
     0 | D:1      | Reached XP level 1. HP: 19/19 MP: 1/1
    56 | D:1      | Found a faded altar of an unknown god.
    74 | D:1      | Prayed at the altar of an unknown god.
    74 | D:1      | Became a worshipper of Warmaster Okawaru
    74 | D:1      | Reached * piety under Okawaru
   147 | D:1      | Reached XP level 2. HP: 28/28 MP: 3/3
   266 | D:1      | Reached skill level 1 in Throwing
   840 | D:1      | Reached XP level 3. HP: 35/35 MP: 4/4
  1250 | D:2      | Noticed Jessica
  1263 | D:2      | Killed Jessica
  1433 | D:2      | Reached XP level 4. HP: 37/42 MP: 5/5
  1519 | D:2      | Noticed Sigmund
  1869 | D:3      | Reached skill level 1 in Armour
  2165 | D:3      | Noticed a water moccasin
  2201 | D:3      | Killed a water moccasin
  2201 | D:3      | Reached ** piety under Okawaru
  2202 | D:3      | Reached XP level 5. HP: 40/49 MP: 6/6
  2325 | D:4      | Noticed Menkaure
  2375 | D:4      | Reached XP level 6. HP: 56/57 MP: 7/7
  2469 | D:4      | Noticed Blork the orc
  2505 | D:4      | Killed Blork the orc
  2630 | D:4      | Found a runed translucent gate.
  2630 | D:4      | Found a runed translucent gate.
  2630 | D:4      | Found a runed translucent gate.
  2631 | D:4      | Noticed Opifex's ghost (amateur TrFi)
  2694 | D:4      | Identified the +2 broad axe of Midwinter {freeze, rCorr
                  | Stlth+}
  2752 | D:4      | HP: 3/85 [Menkaure (10)]
  2753 | D:4      | Killed Menkaure
  2754 | D:4      | Reached XP level 7. HP: 5/65 MP: 8/8
  2937 | D:4      | Noticed Robin
  2943 | D:4      | Killed Robin
  2972 | D:4      | Found a shimmering blue altar of Sif Muna.
  3330 | D:5      | Entered Level 5 of the Dungeon
  3341 | D:5      | Reached skill level 1 in Axes
  3382 | D:5      | Reached *** piety under Okawaru
  3578 | D:5      | Reached skill level 2 in Axes
  3697 | D:5      | Found a radiant altar of Vehumet.
  3853 | D:5      | Found a broken altar of Ashenzari.
  3870 | D:5      | Reached skill level 3 in Axes
  3960 | D:5      | Found the +7 Throatcutter {drain, coup de grace}
  3972 | D:5      | Reached XP level 8. HP: 67/74 MP: 9/9
  3989 | D:5      | Reached skill level 4 in Axes
  4066 | D:5      | Reached **** piety under Okawaru
  4078 | D:5      | Found a basalt altar of Yredelemnul.
  4499 | D:6      | Reached skill level 5 in Axes
  4670 | D:6      | Noticed Pikel
  4678 | D:6      | Killed Pikel
  4679 | D:6      | Reached skill level 1 in Long Blades
  4679 | D:6      | Reached XP level 9. HP: 82/84 MP: 10/10
  4734 | D:6      | Noticed Grinder
  4741 | D:6      | Killed Grinder
  4768 | D:6      | Noticed Maggie
  4781 | D:6      | Killed Maggie
  4793 | D:6      | Reached ***** piety under Okawaru
  4827 | D:6      | Noticed Edmund
  4838 | D:6      | Killed Edmund
  5489 | D:6      | Identified the +10 war axe of Untruth {antimagic, Drain
                  | rPois rN+}
  5570 | D:7      | Found a shadowy altar of Dithmenos.
  5574 | D:7      | Found Resolaez's Antique Armour Boutique.
  5581 | D:7      | Reached skill level 5 in Armour
  5609 | D:7      | Bought a runed kite shield for 217 gold pieces
  5882 | D:7      | Reached skill level 6 in Axes
  5944 | D:7      | Found a staircase to the Ecumenical Temple.
  5956 | Temple   | Entered the Ecumenical Temple
  6049 | D:7      | Identified a scroll of acquirement
  6049 | D:7      | Acquired 938 gold pieces
  6190 | D:8      | Found a bloodstained altar of Trog.
  6198 | D:8      | Reached XP level 10. HP: 87/94 MP: 3/11
  6214 | D:8      | Received a gift from Okawaru
  6215 | D:8      | Reached skill level 5 in Fighting
  6244 | D:8      | Noticed a two-headed ogre
  6244 | D:8      | Noticed a two-headed ogre
  6261 | D:8      | Killed a two-headed ogre
  6262 | D:8      | Reached skill level 1 in Shields
  6262 | D:8      | Killed a two-headed ogre
  6263 | D:8      | Reached skill level 7 in Axes
  6383 | D:8      | Found a runed translucent door.
  6389 | D:8      | Noticed Heedrag's ghost (novice MiFi)
  6413 | D:8      | Killed Heedrag's ghost
  6478 | D:8      | Found an opulent altar of Gozag.
  6565 | D:8      | Found a snail-covered altar of Cheibriados.
  6604 | D:8      | Reached skill level 8 in Axes
  6751 | D:8      | Found an iron altar of Okawaru.
  6930 | D:9      | Noticed a two-headed ogre
  7015 | D:9      | Killed a two-headed ogre
  7016 | D:9      | Reached XP level 11. HP: 52/105 MP: 4/12
  7139 | D:9      | Identified the +8 war axe of Roruale {flame, Str+3 SInv}
                  | (Okawaru gifted it to you on level 9 of the Dungeon)
  7139 | D:9      | Received a gift from Okawaru
  7303 | D:9      | Noticed a two-headed ogre
  7310 | D:9      | Killed a two-headed ogre
  7349 | D:9      | Found a staircase to the Orcish Mines.
  7368 | D:9      | Reached skill level 9 in Axes
  7568 | Orc:1    | Entered Level 1 of the Orcish Mines
  7596 | Orc:1    | Noticed an orc high priest
  7616 | Orc:1    | Noticed a sixfirhy
  7616 | Orc:1    | Noticed a soul eater
  7624 | Orc:1    | Identified the +4 battleaxe of Hatred {flame, rC++ Int+2
                  | Stlth+} (Okawaru gifted it to you on level 1 of the Orcish
                  | Mines)
  7624 | Orc:1    | Received a gift from Okawaru
  7683 | Orc:1    | Noticed an orc high priest
  7707 | Orc:1    | Killed from afar by an orc high priest

Illustrated notes

Levels and vault maps discovered:
D:1:      lemuel_arrival_room, layout_basic, hellmonk_ecumenical_altar_run_dry,
          minmay_tromino_v4_a
D:2:      layout_loops_cross, skrybe_limestone_x, uniq_jessica, uniq_sigmund
D:3:      layout_loops_ring
D:4:      layout_gridville, led_sif_pool, gammafunk_ghost_necromancy,
          uniq_blork_the_orc, uniq_robin, uniq_menkaure
D:5:      layout_basic, fiery_altar_vehumet, nicolae_ashenzari_skybound,
          lemuel_zombie_altar_yredelemnul, st_stairs_13,
          dilly_guarded_unrand_throatcut
D:6:      layout_basic, uniq_edmund, uniq_grinder, uniq_maggie, uniq_pikel
D:7:      layout_gridville, nicolae_dithmenos_through_a_glass_darkly,
          minmay_temple_entry_sparse_star, serial_shops, shop
D:8:      layout_rooms, nicolae_gozag_seed_capital, okawaru_gym_becter,
          bloody_trog, mainiacjoe_overflow_paths, ebering_ghost_reflecting_pool
D:9:      layout_gridville, kennysheep_orc_monster_closet_entryway
Temple:   nicolae_temple_hex_pool
Orc:1:    layout_diamond_mine, basic_altar

Skill      XL: |  1  2  3  4  5  6  7  8  9 10 11 |
---------------+----------------------------------+-----
Throwing       | 1 2 |  2.2
Dodging        | 2 3 4 |  4.9
Unarmed Combat | 3 4 |  4.6
Armour         | 1 2 3 4 5 6 |  6.9
Fighting       | 2 4 5 6 |  6.1
Axes           | 3 5 6 8 9 |  9.3
Long Blades    | 1 3 |  3.3
Shields        | 2 3 |  3.6
Short Blades   | |  0.2
Polearms       | |  0.6
Stealth        | |  0.6
Spellcasting   | |  1.5
Translocations | |  2.4

Action                   |  1- 3 |  4- 6 |  7- 9 | 10-12 || total
-------------------------+-------+-------+-------+-------++-------
Melee: Unarmed           |    80 |   102 |       |       ||   182
       Dagger            |       |    38 |       |       ||    38
       Glaive            |       |    16 |       |       ||    16
       Broad axe         |       |    10 |   111 |       ||   121
       Punch             |       |     2 |     4 |       ||     6
       Long sword        |       |       |    81 |       ||    81
       War axe           |       |       |    62 |   249 ||   311
Throw: Stone             |    48 |     1 |       |       ||    49
       Boomerang         |     2 |     1 |       |       ||     3
  Use: Potion            |     7 |     9 |     1 |     4 ||    21
       Scroll            |     2 |     6 |     4 |     2 ||    14
 Stab: Invisible         |     1 |       |       |       ||     1
Armor: Robe              |     9 |       |       |       ||     9
       Pearl dragon scal |    13 |    79 |   212 |   244 ||   548
       Skin              |       |     6 |       |       ||     6
Dodge: Dodged            |    25 |    64 |   110 |   160 ||   359
Block: Kite shield       |       |       |    37 |   226 ||   263

Table legend: (Time is in decaauts)
 A = Elapsed time spent in this place.
 B = Non-inter-level travel time spent in this place.
 C = Inter-level travel time spent in this place.
 D = Time resting spent in this place.
 E = Time spent auto-exploring this place.
 F = Levels seen in this place.
 G = Mean time per level.
                   A        B        C        D        E       F      G
               +--------+--------+--------+--------+--------+-----+--------+
         Total |   7867 |   7865 |      2 |    182 |   3767 |  11 |  715.2 |
       Dungeon |   7639 |   7637 |      2 |    182 |   3753 |   9 |  848.8 |
        Temple |     83 |     83 |      0 |      0 |      8 |   1 |   83.0 |
  Orcish Mines |    144 |    144 |      0 |      0 |      6 |   1 |  144.0 |
               +--------+--------+--------+--------+--------+-----+--------+

Top non-repeatable levels by time:
     D:1: 1198 daAuts
     D:6: 1162 daAuts
     D:5: 1138 daAuts
     D:4: 1010 daAuts
     D:3: 773 daAuts
     D:8: 729 daAuts
     D:9: 709 daAuts
     D:7: 554 daAuts
     D:2: 364 daAuts
   Orc:1: 144 daAuts
  Temple: 83 daAuts
